 Dungeon Crawl Stone Soup version 0.32-a0-411-g744942f433 (webtiles) character file.

Game seed: 15177266468020244354

326 jestert79 the Cudgeller (level 6, 0/78 HPs)
             Began as a Mountain Dwarf Reaver on Feb 20, 2024.
             Slain by an orc
             ... wielding a +0 club
              (3 damage)
             ... on level 4 of the Dungeon.
             The game lasted 00:06:46 (3202 turns).

jestert79 the Cudgeller (Mountain Dwarf Reaver)     Turns: 3202, Time: 00:06:47

Health: 0/78       AC:  3    Str: 14    XL:     6   Next: 24%
Magic:  1/8        EV: 11    Int: 16    God:
Gold:   149        SH:  0    Dex:  8    Spells: 5/8 levels left

rFire   . . .        k - +0 flail
rCold   . . .        (no shield)
rNeg    . . .        b - +0 leather armour
rPois   .            (no helmet)
rElec   .            (no cloak)
rCorr   .            (no gloves)
SInv    .            (no boots)
Will    .....        (no amulet) Stlth
                     (no ring)
HPRegen 0.33/turn    (no ring)
MPRegen 0.11/turn

%: no passive effects
@: berserking, very quick
A: runic magic, artefact enchanting, robust 1
a: no special abilities


You were on level 4 of the Dungeon.
You visited 1 branch of the dungeon, and saw 4 of its levels.

You collected 149 gold pieces.

Inventory:

Hand Weapons
 k - a +0 flail (weapon)
Missiles
 a - 2 poisoned darts (quivered)
Armour
 b - a +0 leather armour (worn)
 j - a +0 buckler
Jewellery
 h - a ring of protection from fire
Wands
 q - a wand of iceblast (9)
Scrolls
 g - 3 scrolls of torment {unknown}
 i - a scroll of blinking {unknown}
 l - a scroll of teleportation {unknown}
 m - a scroll of revelation {unknown}
 n - a scroll of enchant weapon {unknown}
 o - a scroll of poison {unknown}
 p - a scroll of immolation {unknown}
 r - 2 scrolls of identify {unknown}
Potions
 e - a potion of degeneration {unknown}
 f - a potion of mutation
 s - a potion of brilliance {unknown}


   Skills:
 - Level 2.1 Fighting
 * Level 7.6 Maces & Flails
 - Level 1.3 Dodging
 - Level 1.7 Spellcasting
 - Level 3.0 Conjurations
 - Level 2.0 Translocations


You had 5 spell levels left.
You knew the following spells:

 Your Spells              Type           Power      Damage    Failure   Level
a - Kiss of Death         Conj/Necr      24%        2d7       12%         1
b - Momentum Strike       Conj/Tloc      18%        3d8       12%         2

Your spell library contained the following spells:

 Spells                   Type           Power      Damage    Failure   Level
 Hailstorm                Conj/Ice       6%         3d5       34%         3
 Call Canine Familiar     Summ           1%         N/A       54%         3
 Sigil of Binding         Hex            1%         N/A       54%         3
 Dimensional Bullseye     Hex/Tloc       2%         N/A       82%         4


Dungeon Overview and Level Annotations

Branches:
Dungeon (4/15)
 Temple: D:4-7

Altars:

Shops:
D:1 [


Innate Abilities, Weirdness & Mutations

Your spellcasting is much less encumbered by armour.
You can use scrolls of enchantment on lesser artefacts.
You are robust. (+10% HP)


Message History

You feel robust. The orc priest barely misses you.
The orc hits you with a +0 mace.
* * * LOW HITPOINT WARNING * * *
The orc barely misses you.
It was a potion of cancellation.
Your magical effects are unravelling.
You feel magically purged.
Your magical contamination has completely faded away.
You are no longer unable to travel.
The orc barely misses you. The orc closely misses you.
The orc priest miscasts a cantrip.
Unknown command.
It was a potion of berserk rage.
A red film seems to cover your vision as you go berserk!
You feel yourself moving faster!
You feel mighty! The orc barely misses you.
The orc priest hits you but does no damage.
The orc hits you with a +0 club.
* * * LOW HITPOINT WARNING * * *
You sock the orc priest!
You kill the orc priest!
Unknown command.
You barely miss the orc. The orc barely misses you. The orc misses you.
You hit the orc.
The orc is severely wounded.
The orc barely misses you. The orc hits you with a +0 club.
* * * LOW HITPOINT WARNING * * *
The orc hits you with a +0 flail.
* * * LOW HITPOINT WARNING * * *
You closely miss the orc.
Unknown command.
You sock the orc!
You kill the orc!
The orc barely misses you. The orc closely misses you.
You sock the orc!
You kill the orc!
The orc hits you with a +0 club.
* * * LOW HITPOINT WARNING * * *
You completely miss the orc. You closely miss the orc.
The orc hits you with a +0 club.
You die...

#....#.....######
. #....#.....#
##....#.....#
#.....#>....#
#.....'.....#
#######.....#
#.....# #.....#
#@o...# #))...#
#.....# #.....+
#.....# ......#
......# ......#


You could see an orc.

Vanquished Creatures
  An ogre (D:3)
  2 orc priests
  2 gnolls (D:1)
  6 adders
  3 dart slugs
  5 orcs
  7 endoplasms
  8 goblins
  5 hobgoblins (D:1)
  4 quokkas
  4 ball pythons
  7 bats
  5 frilled lizards
  5 rats
64 creatures vanquished.

Notes
Turn   | Place    | Note
-------+----------+-------------------------------------------
     0 | D:1      | jestert79 the Mountain Dwarf Reaver began the quest for the
                  | Orb.
     0 | D:1      | Reached XP level 1. HP: 17/17 MP: 3/3
    25 | D:1      | Reached skill level 4 in Maces & Flails
    27 | D:1      | Reached XP level 2. HP: 13/24 MP: 4/4
   128 | D:1      | Learned a level 2 spell: Momentum Strike
   316 | D:1      | Reached XP level 3. HP: 28/29 MP: 5/5
   583 | D:1      | Reached skill level 5 in Maces & Flails
   829 | D:1      | Found Hyz Fato's Antique Armour Boutique.
   876 | D:1      | Reached skill level 1 in Translocations
   878 | D:1      | Reached XP level 4. HP: 33/36 MP: 6/6
  1778 | D:2      | Reached skill level 6 in Maces & Flails
  2146 | D:3      | Noticed an ogre
  2192 | D:3      | Reached XP level 5. HP: 23/41 MP: 2/7
  2688 | D:3      | Killed an ogre
  2689 | D:3      | Reached skill level 7 in Maces & Flails
  2689 | D:3      | Reached XP level 6. HP: 48/48 MP: 3/8
  3192 | D:4      | Gained mutation: You are robust. (+10% HP) [potion of
                  | mutation]
  3200 | D:4      | HP: 3/78 [orc/+0 club (4)]
  3202 | D:4      | Slain by an orc

Illustrated notes

Levels and vault maps discovered:
D:1:      lightli_arrival_statue_moat, layout_basic, serial_shops,
          nicolae_shop_stone, minmay_hedge_maze
D:2:      layout_basic
D:3:      layout_loops_ring, kennysheep_generic_room_9
D:4:      layout_gridville, skrybe_limestone_x, st_stairs_9,
          uniq_crazy_yiuf_cottage

Skill      XL: |  1  2  3  4  5 |
---------------+----------------+-----
Maces & Flails | 4 5 6 7 |  7.6
Conjurations   | 3 |  3.0
Translocations | 1 2 |  2.0
Fighting       | |  2.1
Dodging        | |  1.3
Spellcasting   | |  1.7

Action                     |  1- 3 |  4- 6 || total
---------------------------+-------+-------++-------
  Melee: Mace              |    79 |    53 ||   132
         Flail             |       |    46 ||    46
  Throw: Dart              |       |     2 ||     2
   Cast: Momentum Strike   |       |    18 ||    18
    Use: Potion            |       |     3 ||     3
 Armour: Leather armour    |    34 |    71 ||   105
  Dodge: Dodged            |    52 |    75 ||   127

Table legend: (Time is in decaauts)
 A = Elapsed time spent in this place.
 B = Non-inter-level travel time spent in this place.
 C = Inter-level travel time spent in this place.
 D = Time resting spent in this place.
 E = Time spent auto-exploring this place.
 F = Levels seen in this place.
 G = Mean time per level.
                   A        B        C        D        E       F      G
               +--------+--------+--------+--------+--------+-----+--------+
         Total |   3219 |   3077 |    142 |    550 |   2016 |   4 |  804.8 |
       Dungeon |   3219 |   3077 |    142 |    550 |   2016 |   4 |  804.8 |
               +--------+--------+--------+--------+--------+-----+--------+

Top non-repeatable levels by time:
     D:1: 1173 daAuts
     D:2: 1003 daAuts
     D:3: 921 daAuts
     D:4: 122 daAuts
